 Dungeon Crawl Stone Soup version 0.29.1-1-gd02db6906a (webtiles) character file.

Game seed: 12779045808485722372

514578 Ashen the Gelid (level 23, -2/188 HPs)
             Began as a Demonspawn Ice Elementalist on Oct 17, 2022.
             Was the Champion of Vehumet.
             Killed from afar by a red draconian (29 damage)
             ... with a searing blast
             ... on level 4 of the Depths on Oct 18, 2022.
             The game lasted 04:26:34 (59252 turns).

Ashen the Gelid (Demonspawn Ice Elementalist)      Turns: 59252, Time: 04:26:35

Health: -2/188     AC:  8    Str: 15    XL:     23   Next: 99%
Magic:  56/56      EV: 31    Int: 36    God:    Vehumet [******]
Gold:   4365       SH:  0    Dex: 28    Spells: 16/62 levels left

rFire   . . .      SeeInvis +   p - +11 glaive "Paskau" {freeze, +Blink rN+ Int+4 Dex+4}
rCold   + . .      Faith    .   (shield currently unavailable)
rNeg    + . .      Spirit   .   H - +1 troll leather armour of a treasure trove {rElec rC+ Regen+ SInv}
rPois   .          Reflect  .   (helmet unavailable)
rElec   +          Harm     .   Y - scarf {repulsion}
rCorr   .          Rampage  .   k - +0 pair of gloves of Pidghaff {Str+5 Int+4}
Will    +++..                   J - +1 pair of boots {Fly}
Stlth   ++++++....              l - amulet of magic regeneration
HPRegen 1.21/turn               e - ring "Leiblo" {Will+ EV+4 Dex+4 Stlth+}
MPRegen 0.75/turn               h - ring of Contention {MP+9 Int+4 SInv}

@: flying, studying Dodging, repel missiles
A: horns 3, thin skeletal structure 2, powered by pain 2, spiny 3, augmentation
2, strong-willed 1, no potion heal 2
}: 3/15 runes: barnacled, silver, gossamer
a: Renounce Religion, Evoke Blink


You were on level 4 of the Depths.
You worshipped Vehumet.
Vehumet was exalted by your worship.
You visited 9 branches of the dungeon, and saw 43 of its levels.
You visited the Abyss 1 time.
You also visited: Sewer, Bailey and Wizlab.

You collected 7141 gold pieces.
You spent 2776 gold pieces at shops.

Inventory:

Hand Weapons
 p - the +11 glaive "Paskau" (weapon) {freeze, +Blink rN+ Int+4 Dex+4}
   (You found it on level 5 of the Vaults)

   It freezes those it strikes, dealing additional cold damage.
   It can also slow down cold-blooded creatures.
   Int:       It affects your intelligence (+4).
   Dex:       It affects your dexterity (+4).
   rN:        It protects you from negative energy.
   +Blink:    It lets you blink.
 T - the +10 long sword "Borpheuwn" {protect, Will+++}
   (You took it off a deep elf high priest on level 5 of the Vaults)

   It grants its wielder temporary protection when it strikes (+7 to AC).
   Will:      It greatly increases your willpower.
Missiles
 j - 16 javelins
 v - 16 silver javelins
 X - 3 throwing nets
Armour
 k - the +0 pair of gloves of Pidghaff (worn) {Str+5 Int+4}
   (You found it on level 3 of the Elven Halls)

   Str:       It affects your strength (+5).
   Int:       It affects your intelligence (+4).
 H - the +1 troll leather armour of a treasure trove (worn) {rElec rC+ Regen+ SInv}
   (You found it on level 1 of the Vaults)

   rC:        It protects you from cold.
   rElec:     It insulates you from electricity.
   SInv:      It lets you see invisible.
   Regen:     It increases your rate of health regeneration.
 J - a +1 pair of boots of flying (worn)
 U - the +4 moon troll leather armour {Spirit, Regen++ MP+5}
   (You took it off a moon troll in a wizard's laboratory)

   MP:        It affects your magic capacity (+5).
   Regen:     It increases your rate of health regeneration.
 Y - a scarf of repulsion (worn)
Jewellery
 e - the ring "Leiblo" (left hand) {Will+ EV+4 Dex+4 Stlth+}
   (You acquired it on level 3 of the Dungeon)

   [ring of evasion]

   EV:        It affects your evasion (+4).
   Dex:       It affects your dexterity (+4).
   Will:      It increases your willpower.
   Stlth:     It makes you more stealthy.
 h - the ring of Contention (right hand) {MP+9 Int+4 SInv}
   (You found it on level 14 of the Dungeon)

   [ring of see invisible]

   Int:       It affects your intelligence (+4).
   MP:        It affects your magic capacity (+9).
   SInv:      It lets you see invisible.
 l - an amulet of magic regeneration (around neck)
 V - the ring of Wuucvom {Str+2 Int+6}
   (You found it in a wizard's laboratory)

   [ring of intelligence]

   Str:       It affects your strength (+2).
   Int:       It affects your intelligence (+6).
Wands
 c - a wand of iceblast (15)
 g - a wand of flame (13)
 y - a wand of light (2)
 S - a wand of digging (17)
 Z - a wand of paralysis (10)
Scrolls
 f - 9 scrolls of teleportation
 m - 7 scrolls of noise
 n - a scroll of summoning
 o - 7 scrolls of enchant weapon
 r - 8 scrolls of butterflies
 s - 12 scrolls of vulnerability
 u - 8 scrolls of fear
 x - 8 scrolls of magic mapping
 z - 5 scrolls of silence
 A - 8 scrolls of immolation
 I - 6 scrolls of poison
 L - 8 scrolls of amnesia
 M - 2 scrolls of torment
 N - 3 scrolls of enchant armour
 O - 3 scrolls of brand weapon
 P - 3 scrolls of acquirement
Potions
 a - 8 potions of ambrosia
 b - 8 potions of magic
 i - 12 potions of attraction
 q - 3 potions of berserk rage
 w - 7 potions of resistance
 B - 4 potions of cancellation
 C - 6 potions of haste
 D - 9 potions of mutation
 E - 16 potions of lignification
 F - 12 potions of curing
 K - 7 potions of brilliance
 R - a potion of might
 W - a potion of experience
Miscellaneous
 d - a condenser vane
 t - a phantom mirror
 G - a tin of tremorstones (2/2)


   Skills:
 - Level 17.4 Fighting
 - Level 15.0 Dodging
 - Level 5.0 Stealth
 - Level 10.0 Shields
 - Level 20.0 Spellcasting
 - Level 15.0 Conjurations
 - Level 20.0 Ice Magic
 - Level 5.0 Air Magic
 - Level 15.0 Earth Magic
 + Level 5.5 Evocations


You had 16 spell levels left.
You knew the following spells:

 Your Spells              Type           Power      Damage    Failure   Level
a - Polar Vortex          Ice            55%        N/A       8%          9
b - Frozen Ramparts       Ice            100%       1d16      0%          3
c - Ozocubu's Armour      Ice            100%       N/A       0%          3
d - Hailstorm             Conj/Ice       100%       3d20      0%          4
e - Mephitic Cloud        Conj/Pois/Air  71%        N/A       1%          3
f - Airstrike             Air            32%        2d(5-21)  1%          4
g - Freezing Cloud        Conj/Ice/Air   46%        6-21      1%          5
h - Ozocubu's Refrigerat  Ice            55%        4d19      1%          7
i - Lehudib's Crystal Sp  Conj/Erth      48%        10d12     4%          8

Your spell library contained the following spells:

 Spells                   Type           Power      Damage    Failure   Level
 Freeze                   Ice            100%       1d11      0%          1
 Magic Dart               Conj           100%       1d8       0%          1
 Sandblast                Erth           100%       2d20      0%          1
 Searing Ray              Conj           100%       2d8       0%          2
 Stone Arrow              Conj/Erth      100%       3d13      0%          3
 Apportation              Tloc           72%        N/A       1%          1
 Beastly Appendage        Tmut           72%        N/A       1%          1
 Foxfire                  Conj/Fire      100%       2x1d9     1%          1
 Necrotise                Necr           100%       1d9       1%          1
 Summon Small Mammal      Summ           100%       N/A       1%          1
 Blink                    Tloc           72%        N/A       1%          2
 Ensorcelled Hibernation  Hex/Ice        100%       N/A       1%          2
 Passwall                 Tmut/Erth      61%        N/A       1%          2
 Poisonous Vapours        Pois/Air       100%       N/A       1%          2
 Static Discharge         Conj/Air       82%        3-14/arc  1%          2
 Sublimation of Blood     Necr           36%        N/A       1%          2
 Wereblood                Tmut           36%        N/A       1%          2
 Conjure Flame            Conj/Fire      74%        6-21      1%          3
 Dazzling Flash           Conj/Hex       100%       N/A       1%          3
 Ignite Poison            Fire/Tmut/Pois 36%        N/A       1%          3
 Inner Flame              Hex/Fire       36%        N/A       1%          3
 Animate Armour           Summ/Erth      100%       N/A       1%          4
 Fulminant Prism          Conj/Hex       37%        3d18      1%          4
 Ice Form                 Ice/Tmut       82%        N/A       1%          4
 Iskenderun's Mystic Bla  Conj/Tloc      74%        2d15      1%          4
 Sticky Flame             Conj/Fire      74%        2d9       1%          4
 Summon Ice Beast         Ice/Summ       82%        N/A       1%          4
 Borgnjor's Vile Clutch   Necr/Erth      37%        N/A       1%          5
 Iskenderun's Battlesphe  Conj           97%        2d14      1%          5
 Lee's Rapid Deconstruct  Erth           48%        3d24*     1%          5
 Lightning Bolt           Conj/Air       41%        1d60      1%          5
 Metabolic Englaciation   Hex/Ice        41%        N/A       1%          5
 Conjure Ball Lightning   Conj/Air       41%        3x3d13    1%          6
 Iron Shot                Conj/Erth      48%        9d9       1%          6
 Starburst                Conj/Fire      37%        6d11      1%          6
 Orb of Destruction       Conj           48%        9d13      1%          7
 Simulacrum               Ice/Necr       41%        N/A       2%          6
 Call Canine Familiar     Summ           36%        N/A       3%          3
 Gell's Gravitas          Tloc           36%        N/A       3%          3
 Lesser Beckoning         Tloc           36%        N/A       3%          3
 Portal Projectile        Hex/Tloc       72%        N/A       3%          3
 Spider Form              Tmut/Pois      36%        N/A       3%          3
 Summon Guardian Golem    Hex/Summ       36%        N/A       3%          3
 Teleport Other           Tloc           36%        N/A       3%          3
 Tukima's Dance           Hex            36%        N/A       3%          3
 Summon Lightning Spire   Summ/Air       52%        N/A       3%          4
 Corpse Rot               Necr/Pois/Air  47%        N/A       5%          4
 Yara's Violent Unravell  Hex/Tmut       18%        3d9       8%          5
 Anguish                  Hex/Necr       18%        N/A       10%         4
 Animate Dead             Necr           36%        N/A       10%         4
 Dispel Undead            Necr           36%        3d15      10%         4
 Passage of Golubria      Tloc           36%        N/A       10%         4
 Spellforged Servitor     Conj/Summ      37%        N/A       11%         7
 Alistair's Intoxication  Tmut/Pois      24%        N/A       28%         5
 Blade Hands              Tmut           18%        N/A       28%         5
 Manifold Assault         Tloc           36%        N/A       28%         5
 Eringya's Noxious Bog    Tmut/Pois      18%        N/A       36%         6
 Shatter                  Erth           48%        3d37*     45%         9
 Death Channel            Necr           18%        N/A       83%         6
 Storm Form               Tmut/Air       26%        N/A       97%         7
 Chain Lightning          Conj/Air       41%        3d54      98%         9
 Enfeeble                 Hex            18%        N/A       100%        7
 Ignition                 Fire           18%        3d7       100%        8
 Fire Storm               Conj/Fire      37%        8d9       100%        9


Dungeon Overview and Level Annotations

Branches:
Dungeon (15/15)            Temple (1/1) D:6            Lair (5/5) D:9
 Shoals (4/4) Lair:3       Spider (4/4) Lair:3        Slime (0/5) Lair:4
    Orc (2/2) D:12            Elf (3/3) Orc:2        Vaults (5/5) D:14
  Crypt (0/3) Vaults:2     Depths (4/4) D:15            Zot (0/5) Depths:4
  Sewer (visited)          Bailey (visited)          WizLab (visited)

Altars:
Ashenzari
Cheibriados
Dithmenos
Fedhas
Gozag
Hepliaklqana
Kikubaaqudgha
Makhleb
Nemelex Xobeh
Okawaru
Qazlal
Ru
Sif Muna
Trog
Uskayaw
Vehumet
Wu Jian
Xom
Yredelemnul
Jiyva
Lugonu

Shops:
D:2 [   D:3 [   D:6 *   Orc:1 (   Orc:2 ?***   Elf:3 =:=   Shoals:2 *?
Vaults:4 *   Vaults:5 [   Depths:1 (:[(([(

Portals:
Hell: Depths:1 Depths:2 Depths:3 Depths:4
Abyss: Depths:1 Depths:2 Depths:3
Pandemonium: Depths:2 Depths:3 Depths:4
Ziggurat: Depths:3


Innate Abilities, Weirdness & Mutations

You have a pair of large horns on your head.
You have a moderately thin skeletal structure. (Dex +4, Stealth++)
You sometimes gain power by taking damage.
You are completely covered in sharp spines.
Your magical and physical power is enhanced at high health.
You are strong-willed. (Will+)
Potions cannot restore your health.


Message History

The green draconian monk barely misses you.
The green draconian monk completely misses you.
Blink to where?
Press: ? - help, Dir - move target
Okay, then.
Blink to where?
Press: ? - help, Dir - move target
As you read the scroll of blinking, it crumbles to dust.
You feel sick.
Okay, then.
You reach down and close the door.
You feel sick.
As you read the scroll of teleportation, it crumbles to dust.
You feel strangely unstable.
You feel sick.
Your system rejects the healing.
You feel better.
Your surroundings suddenly seem different.
A black draconian comes into view. It is wielding a +0 short sword.
Found a gate to the Realm of Zot.
Okay, then.
Unknown command.
Press: ? - help, v - describe, . - travel
Here: a black draconian, wielding a +0 short sword (wandering, hasn't noticed you)
The floor.
Blink to where?
Press: ? - help, Dir - move target
As you read the scroll of blinking, it crumbles to dust.
A red draconian comes into view. It is wielding a +0 mace.
You feel a little less agile now.
Your magical contamination has completely faded away.
Press: ? - help, v - describe, . - travel
Here: a red draconian, wielding a +0 mace (wandering, hasn't noticed you)
The floor.
Okay, then.
As you read the scroll of summoning, it crumbles to dust.
Wisps of shadow whirl around you... The red draconian breathes fire at you.
The searing blast misses you.
You swap places.
The red draconian breathes fire at you. The searing blast hits you!!
You die...

#....## #....#....##...#
##d...#
#+####.....#######
##.....## #........'....#
#.§d#...#
##.......#....##
#...###..##
#.......#.....# #...##
#...# #.......#...###
#...# ##..#
##......#####.## #''.#
#..####.#+###'##......#
..'#
#..#.D@.#...#.........#
∩.#
#...D..Q#...#..........
..
#..#....#....#.........
#..#..D.#..............
#..#....#....#.........
...#d####....#...#+####
#..##.#..#....##+.#.'...
... ..#..#..........#...
...#####..##....<..#.#.##


You could see a red draconian (catching breath, ally target), 2 friendly fire
dragons, a friendly quicksilver dragon (summoned) and a friendly tengu reaver
(summoned).

Vanquished Creatures
  A dread lich (Vaults:5)
  Mennas (Depths:4)
  2 juggernauts (Depths:3)
  Frederick (Depths:4)
  Saint Roka (Depths:4)
  2 caustic shrikes
  A bone dragon (Depths:4)
  2 golden dragons
  Jory (Vaults:2)
  Nikola (Shoals:2)
  Arachne (Spider:3)
  Jorgrun (Elf:1)
  2 tentacled monstrosities (Vaults:5)
  A moon troll (WizLab)
  2 liches
  A walking frostbound tome (Depths:3)
  2 quicksilver dragons (WizLab)
  3 deep elf blademasters
  2 deep elf master archers (Elf:3)
  5 titans (Vaults:5)
  Polyphemus (Shoals:3)
  8 tentacled starspawn (WizLab)
  6 sphinxes
  5 tengu reavers
  Kirke (Elf:1)
  6 storm dragons
  6 shadow dragons (Vaults:5)
  8 deep elf sorcerers
  Donald (Elf:3)
  6 frost giants
  15 fire giants
  10 vault wardens
  Louise (Depths:1)
  2 orc warlords
  3 iron dragons
  3 cacodemons
  A deep elf elementalist (Elf:3)
  6 emperor scorpions
  A ghost moth (Spider:3)
  An angel (Depths:3)
  A ghoul (Vaults:2)
  4 war gargoyles
  4 broodmothers
  11 ironbound preservers
  A caustic shrike skeleton (Depths:3)
  A quicksilver ooze (Lair:5)
  A spriggan defender (Depths:2)
  26 stone giants
  7 vampire knights
  14 very ugly things
  14 ironbound thunderhulks
  8 deep elf demonologists
  10 dire elephants
  5 entropy weavers
  6 spark wasps
  A yellow draconian (Depths:4)
  A purple draconian (Depths:4)
  8 deep elf annihilators
  The ghost of Feulaj the Severer, a journeyman MiBe of Trog (Lair:3)
  7 ettins
  An eidolon (Vaults:2)
  4 deep elf death magi
  7 fire dragons
  3 crystal guardians
  5 merfolk javelineers
  2 jiangshi (Depths:2)
  14 yaktaur captains
  3 deep elf high priests
  13 merfolk impalers
  3 peacekeepers (Vaults:3)
  6 boulder beetles
  2 rakshasas (Depths:2)
  16 great orbs of eyes
  12 hydras
  An anaconda (Lair:5)
  8 ice dragons
  31 vault guards
  6 spriggan air magi
  2 jorogumos
  4 ghost crabs (Lair:4)
  2 ogre magi (D:15)
  3 merfolk avatars
  5 alligator snapping turtles
  3 radroaches
  12 ironbound frosthearts
  19 centaur warriors
  3 catoblepae
  10 two-headed ogres
  23 dancing weapons
  4 satyrs
  3 merfolk aquamancers
  10 death yaks
  9 deep troll earth magi
  2 tengu warriors (Depths:3)
  A death scarab (Spider:3)
  4 deep troll shamans
  2 vampire magi
  4 spriggan berserkers
  Nergalle (Orc:2)
  Sonja (Lair:3)
  4 orc high priests
  9 hell knights
  A wretched star (WizLab)
  3 spriggans
  5 fire crabs (Lair:4)
  A sixfirhy (Depths:4)
  A shadow wraith (Vaults:5)
  4 skeletal warriors (D:14)
  A soul eater (Depths:4)
  10 iron trolls
  16 deep elf knights
  8 pharaoh ants
  8 sea snakes
  5 orb spiders
  3 flayed ghosts
  A sun moth (Spider:4)
  A spectral hydra (Lair:3)
  46 deep trolls
  2 orange crystal statues
  10 wizards
  6 ironbound convokers
  7 glowing orange brains
  7 steelbarb worms
  7 deep elf archers
  A large abomination (Abyss:2)
  8 phantasmal warriors
  10 lindwurms
  13 orc knights
  25 harpies
  6 necromancers
  27 deep elf zephyrmancers
  40 ugly things
  The ghost of LyinL the Destroyer, a novice DECj of Vehumet (D:9)
  27 deep elf pyromancers
  13 wolf spiders
  3 cyclopes
  6 orc sorcerers
  2 sphinx skeletons (Depths:3)
  21 fauns
  A salamander (shapeshifter) (D:9)
  18 manticores
  A frost giant zombie (Depths:1)
  An elephant (shapeshifter) (Depths:3)
  2 moths of wrath
  A guardian serpent (shapeshifter) (Abyss:2)
  6 water nymphs
  6 elephants
  10 black mambas
  2 apocalypse crabs
  11 vault sentinels
  8 merfolk sirens
  2 smoke demons
  9 torpor snails
  3 unseen horrors
  4 eyes of devastation (WizLab)
  2 orange demons
  10 komodo dragons
  14 cane toads
  4 rime drakes
  4 kobold demonologists
  An efreet (Abyss:2)
  24 yaktaurs
  2 freezing wraiths
  A tormentor (Depths:2)
  A hellwing (Depths:4)
  9 demonic crawlers
  3 tengu conjurers
  8 trolls
  An ancient zyme (Abyss:2)
  24 merfolk
  7 meliai (Spider:4)
  5 hornets
  A tengu simulacrum (Depths:1)
  4 wind drakes
  14 polar bears
  15 blink frogs
  Prince Ribbit (D:7)
  5 raiju
  47 slime creatures
  21 tarantellas
  A dream sheep (shapeshifter) (Vaults:5)
  A blink frog (shapeshifter) (Elf:1)
  6 snapping turtles
  9 dream sheep (Lair:5)
  32 jumping spiders
  An air elemental (Elf:1)
  5 centaur simulacra
  12 culicivoras
  13 starcursed masses (WizLab)
  A vampire (D:10)
  2 shadows (D:10)
  22 water elementals
  5 golden eyes (WizLab)
  4 wyverns
  A fire bat (shapeshifter) (Abyss:2)
  9 humans (D:14)
  39 yaks
  7 wraiths
  9 basilisks
  5 hogs (Elf:1)
  A basilisk (shapeshifter) (Elf:1)
  A chaos spawn (Depths:2)
  2 steam dragons
  2 fire elementals
  3 neqoxecs (WizLab)
  40 redbacks
  9 vampire mosquitoes
  A glowing shapeshifter zombie (Depths:3)
  A spectral cane toad (Lair:3)
  Menkaure (D:5)
  8 wargs
  16 hell hounds (Lair:5)
  An acid dragon (D:10)
  6 swamp worms (D:14)
  A hydra simulacrum (Lair:3)
  11 water moccasins
  A glowing shapeshifter skeleton (Depths:3)
  36 orc warriors
  A black bear (shapeshifter) (D:12)
  7 ice beasts
  14 black bears
  6 ogres
  A boggart (Vaults:2)
  20 wolves
  15 centaurs
  A phantom (D:6)
  10 bullfrogs
  4 kobold brigands
  A cane toad simulacrum (Lair:3)
  4 gnoll sergeants
  A human simulacrum (Depths:1)
  2 necrophages (D:5)
  7 scorpions
  5 earth elementals
  3 small abominations (Abyss:2)
  8 wights (D:9)
  A dream sheep simulacrum (Lair:3)
  9 killer bees
  2 howler monkeys
  16 orc priests
  Crazy Yiuf (D:2)
  A gnoll bouda (D:10)
  3 hounds
  An iron imp (Abyss:2)
  6 jellies
  Jessica (D:2)
  5 iguanas
  Terence (D:2)
  28 orc wizards
  20 gnolls
  11 adders
  3 river rats (Sewer)
  2 white imps
  A howler monkey simulacrum (D:9)
  2 ufetubi
  3 worms
  3 dart slugs
  63 orcs
  12 bats
  12 endoplasms
  6 giant cockroaches
  13 goblins
  16 hobgoblins
  14 jackals
  4 quokkas
  13 ball pythons
  A frilled lizard (Sewer)
  20 kobolds
  3 rats
  14 briar patches (D:14)
  A bush (Lair:5)
  2 plants
  8 starspawn tentacles (WizLab)
1958 creatures vanquished.

Vanquished Creatures (collateral kills)
  3 slime creatures (D:12)
3 creatures vanquished.

Vanquished Creatures (others)
  A vault guard (D:14)
  A small abomination (Abyss:2)
  A bush (Lair:5)
  8 demonic plants (WizLab)
  80 fungi
  263 plants
  8 starspawn tentacles (WizLab)
  A withered plant (Shoals:1)
363 creatures vanquished.

Grand Total: 2324 creatures vanquished

Notes
Turn   | Place    | Note
-------+----------+-------------------------------------------
     0 | D:1      | Ashen the Demonspawn Ice Elementalist began the quest for
                  | the Orb.
     0 | D:1      | Reached XP level 1. HP: 13/13 MP: 3/3
   551 | D:1      | Gained mutation: You sometimes gain a little power by
                  | taking damage. [demonic ancestry]
   551 | D:1      | Reached XP level 2. HP: 20/20 MP: 1/5
   723 | D:1      | Found a faded altar of an unknown god.
  1411 | D:2      | Reached XP level 3. HP: 13/25 MP: 0/6
  1442 | D:2      | Reached skill level 1 in Fighting
  1463 | D:2      | Identified the +4 sling "Concordance" {flame, rC+ Will+}
  1747 | D:2      | Found a runed translucent door.
  1748 | D:2      | Noticed Crazy Yiuf
  1798 | D:2      | Learned a level 3 spell: Frozen Ramparts
  1798 | D:2      | Noticed a scorpion
  1807 | D:2      | Killed a scorpion
  1808 | D:2      | Gained mutation: You sometimes gain power by taking damage.
                  | [demonic ancestry]
  1808 | D:2      | Reached XP level 4. HP: 25/32 MP: 4/7
  2055 | D:2      | Noticed Terence
  2055 | D:2      | Noticed Jessica
  2126 | D:2      | Found Wyatt's Armour Emporium.
  2366 | D:3      | Identified a scroll of acquirement
  2366 | D:3      | Acquired the ring "Leiblo" {Will+ EV+4 Dex+4 Stlth+}
  2478 | D:3      | Found a glowing drain.
  2506 | Sewer    | Entered a sewer
  2651 | Sewer    | Reached XP level 5. HP: 37/38 MP: 9/9
  3671 | D:3      | Learned a level 3 spell: Ozocubu's Armour
  4016 | D:3      | Found Osyuwev's Antique Armour Boutique.
  4038 | D:3      | Bought a pair of faintly humming gloves for 199 gold pieces
  4038 | D:3      | Identified the +2 pair of gloves of Isegom {+Inv Will+++
                  | MP-9 Str-3} (You bought it in a shop on level 3 of the
                  | Dungeon)
  4582 | D:4      | Reached XP level 6. HP: 45/45 MP: 10/10
  4785 | D:4      | Identified the +1 helmet of Insurance {rPois Str+3 Dex+3}
  5471 | D:5      | Entered Level 5 of the Dungeon
  5518 | D:5      | Gained mutation: You have a pair of small horns on your
                  | head. [demonic ancestry]
  5518 | D:5      | Reached XP level 7. HP: 52/52 MP: 12/12
  5614 | D:5      | Noticed Menkaure
  5997 | D:5      | Learned a level 4 spell: Hailstorm
  6063 | D:5      | Reached skill level 5 in Ice Magic
  6434 | D:5      | Noticed a wraith
  6487 | D:5      | Found a hide-covered altar of Uskayaw.
  6513 | D:5      | Gained mutation: You are partially covered in sharp spines.
                  | [demonic ancestry]
  6513 | D:5      | Reached XP level 8. HP: 51/60 MP: 14/14
  6824 | D:6      | Found a staircase to the Ecumenical Temple.
  6837 | Temple   | Entered the Ecumenical Temple
  7072 | D:6      | Reached skill level 1 in Conjurations
  7266 | D:6      | Found Uxinutre's Lightly-Used Armoury.
  7642 | Temple   | Became a worshipper of Vehumet
  7699 | D:7      | Found a bloodstained altar of Trog.
  7699 | D:7      | Found an ancient bone altar of Kikubaaqudgha.
  7702 | D:7      | Found a flagged portal.
  7722 | Bailey   | Entered a bailey
  7865 | Bailey   | Reached skill level 5 in Stealth
  7932 | Bailey   | Noticed an orc knight
  8072 | Bailey   | Reached skill level 5 in Spellcasting
  8113 | Bailey   | Identified the +10 flail "Lov Zaq" {flame, *Corrode Str+2
                  | Int+4 Dex+3}
  8116 | Bailey   | Reached skill level 5 in Dodging
  8119 | Bailey   | Reached * piety under Vehumet
  8119 | Bailey   | Offered knowledge of Sandblast by Vehumet.
  8120 | Bailey   | Reached skill level 5 in Fighting
  8123 | Bailey   | Reached XP level 9. HP: 31/68 MP: 5/16
  8348 | Bailey   | Got the Precepts of Shapes
  8469 | Bailey   | Killed an orc knight
  8646 | D:7      | Noticed Prince Ribbit
  8659 | D:7      | Killed Prince Ribbit
  8906 | D:7      | Offered knowledge of Static Discharge by Vehumet.
  9020 | D:7      | Reached ** piety under Vehumet
 10099 | D:8      | Noticed a troll
 10106 | D:8      | Killed a troll
 10107 | D:8      | Reached XP level 10. HP: 76/76 MP: 7/19
 10510 | D:9      | Offered knowledge of Mephitic Cloud by Vehumet.
 10514 | D:9      | Found a staircase to the Lair.
 10525 | D:9      | Learned a level 3 spell: Mephitic Cloud
 10549 | D:9      | Reached skill level 5 in Conjurations
 10561 | D:9      | Reached *** piety under Vehumet
 10683 | D:9      | Offered knowledge of Airstrike by Vehumet.
 10689 | D:9      | Learned a level 4 spell: Airstrike
 10701 | D:9      | Found a runed translucent gate.
 10887 | D:9      | Noticed LyinL's ghost (novice DECj)
 11128 | D:9      | Found a runed translucent gate.
 11128 | D:9      | Found a runed translucent gate.
 11251 | D:10     | Entered Level 10 of the Dungeon
 11514 | D:10     | Gained mutation: You have a somewhat thin skeletal
                  | structure. (Dex +2, Stealth+) [demonic ancestry]
 11514 | D:10     | Reached XP level 11. HP: 73/84 MP: 16/21
 11624 | D:10     | Reached **** piety under Vehumet
 11689 | D:10     | Noticed a deep elf pyromancer
 11764 | D:10     | Offered knowledge of Freezing Cloud by Vehumet.
 11783 | D:10     | Learned a level 5 spell: Freezing Cloud
 11813 | D:10     | Noticed a two-headed ogre
 11819 | D:10     | Killed a two-headed ogre
 11838 | D:10     | Killed a deep elf pyromancer
 12674 | D:11     | Noticed a cyan ugly thing
 12756 | D:11     | Noticed a four-headed hydra
 12762 | D:11     | Killed a four-headed hydra
 12877 | D:11     | Noticed a two-headed ogre
 12880 | D:11     | Killed a two-headed ogre
 13289 | D:12     | Noticed a centaur warrior
 13294 | D:12     | Killed a centaur warrior
 13295 | D:12     | Reached XP level 12. HP: 59/94 MP: 24/24
 13414 | D:12     | Noticed a six-headed hydra
 13419 | D:12     | Killed a six-headed hydra
 13539 | D:12     | Identified the +1 rapier of Uncomfortable Rashes {vamp,
                  | rPois rCorr}
 13543 | D:12     | Noticed a boulder beetle
 13578 | D:12     | Killed a boulder beetle
 13578 | D:12     | Reached ***** piety under Vehumet
 13578 | D:12     | Offered knowledge of Yara's Violent Unravelling by Vehumet.
 13993 | D:12     | Found a staircase to the Orcish Mines.
 14215 | D:12     | Noticed a two-headed ogre
 14222 | D:12     | Killed a two-headed ogre
 14680 | Orc:1    | Entered Level 1 of the Orcish Mines
 14771 | Orc:2    | Entered Level 2 of the Orcish Mines
 14840 | Orc:2    | Found Qinete's Assorted Antiques.
 14889 | Orc:2    | Noticed an orc high priest
 14891 | Orc:2    | Noticed an orc high priest
 14893 | Orc:2    | Killed an orc high priest
 14894 | Orc:2    | Noticed an orc high priest
 14899 | Orc:2    | Killed an orc high priest
 14903 | Orc:2    | Reached skill level 10 in Fighting
 14910 | Orc:2    | Killed an orc high priest
 14911 | Orc:2    | Reached skill level 10 in Ice Magic
 14911 | Orc:2    | Gained mutation: You have a moderately thin skeletal
                  | structure. (Dex +4, Stealth++) [demonic ancestry]
 14911 | Orc:2    | Reached XP level 13. HP: 96/103 MP: 7/26
 14920 | Orc:2    | Found Atel's General Store.
 14938 | Orc:2    | Found Febbum's Magic Scroll Shop.
 14954 | Orc:2    | Found Wudap's Assorted Antiques.
 14957 | Orc:2    | Bought a scroll of teleportation for 33 gold pieces
 14969 | Orc:2    | Bought a scroll of teleportation for 39 gold pieces
 14971 | Orc:2    | Bought a scroll of vulnerability for 116 gold pieces
 14971 | Orc:2    | Bought a scroll of immolation for 116 gold pieces
 14981 | Orc:2    | Bought a scroll of enchant weapon for 82 gold pieces
 14981 | Orc:2    | Bought a scroll of fear for 44 gold pieces
 14981 | Orc:2    | Bought 2 scrolls of vulnerability for 88 gold pieces
 14981 | Orc:2    | Bought a scroll of torment for 104 gold pieces
 14983 | Orc:2    | Bought a scroll of identify for 58 gold pieces
 15121 | Orc:2    | Found a staircase to the Elven Halls.
 15440 | Orc:1    | Noticed Nergalle
 15472 | Orc:2    | Killed Nergalle
 15550 | Orc:2    | Offered knowledge of Ozocubu's Refrigeration by Vehumet.
 15559 | Orc:2    | Learned a level 7 spell: Ozocubu's Refrigeration
 15826 | Orc:1    | Found Okec's Firing Range.
 16027 | Lair:1   | Entered Level 1 of the Lair of Beasts
 16047 | Lair:1   | Reached skill level 10 in Spellcasting
 16068 | Lair:1   | Reached skill level 10 in Dodging
 16746 | Lair:2   | Reached skill level 10 in Conjurations
 17724 | Lair:3   | Found a hole to the Spider Nest.
 17760 | Lair:3   | Found a runed translucent gate.
 17760 | Lair:3   | Found a runed translucent gate.
 17760 | Lair:3   | Found a staircase to the Shoals.
 17771 | Lair:3   | Found a runed translucent gate.
 17780 | Lair:3   | Noticed Feulaj's ghost (journeyman MiBe)
 17811 | Lair:3   | Identified the +1 chain mail "Lanaj" {Drain Will+ Regen+}
 17852 | Lair:3   | Noticed Sonja
 17855 | Lair:3   | Killed Sonja
 18256 | Lair:3   | Offered knowledge of Iron Shot by Vehumet.
 18257 | Lair:3   | Reached XP level 14. HP: 110/110 MP: 17/28
 18682 | Lair:3   | Killed Feulaj's ghost
 18893 | Lair:4   | Found a runed translucent door.
 19141 | Lair:4   | Found a viscous altar of Jiyva.
 19141 | Lair:4   | Found a staircase to the Slime Pits.
 20034 | Lair:4   | Identified the +8 battleaxe of Mimeizix {vorpal, rC+}
 20142 | Lair:5   | Entered Level 5 of the Lair of Beasts
 20149 | Lair:5   | Reached skill level 15 in Ice Magic
 20158 | Lair:5   | Reached skill level 1 in Air Magic
 20753 | Lair:5   | Offered knowledge of Starburst by Vehumet.
 20927 | Lair:5   | Noticed a quicksilver ooze
 20931 | Lair:5   | Killed a quicksilver ooze
 20932 | Lair:5   | Reached XP level 15. HP: 97/115 MP: 14/29
 21733 | Lair:5   | Offered knowledge of Lightning Bolt by Vehumet.
 22054 | Lair:5   | Found the macabre finger necklace {rN+}
 22383 | D:9      | Killed LyinL's ghost
 22593 | D:2      | Killed Crazy Yiuf
 22649 | D:2      | Killed Jessica
 22652 | D:2      | Killed Terence
 22663 | D:2      | Bought a +0 cloak of preservation for 115 gold pieces
 22924 | D:5      | Killed Menkaure
 23402 | D:5      | Found a hide-covered altar of Uskayaw.
 23751 | D:13     | Reached skill level 5 in Air Magic
 24205 | D:13     | Found an opulent altar of Gozag.
 24398 | D:14     | Offered knowledge of Fireball by Vehumet.
 24424 | D:14     | Found a transporter.
 24919 | D:14     | Found a transporter.
 25124 | D:14     | Found a gate to the Vaults.
 25209 | D:15     | Entered Level 15 of the Dungeon
 25455 | D:15     | Gained mutation: You are mostly covered in sharp spines.
                  | [demonic ancestry]
 25455 | D:15     | Reached XP level 16. HP: 107/122 MP: 10/32
 26040 | D:15     | Found a staircase to the Depths.
 26552 | Shoals:1 | Entered Level 1 of the Shoals
 27405 | Shoals:1 | Identified the ring of Quwk {Drain rF+ rN+ Str+7 Dex-5}
 27683 | Shoals:2 | Reached skill level 1 in Shields
 27825 | Shoals:2 | Noticed Nikola
 27831 | Shoals:2 | Killed Nikola
 27853 | Shoals:2 | Found Quluanai's Gadget Gallery.
 28291 | Shoals:2 | Reached ****** piety under Vehumet
 28296 | Shoals:2 | Found Ogguisow's Magic Scroll Shoppe.
 28318 | Shoals:2 | Bought a scroll of acquirement for 884 gold pieces
 28318 | Shoals:2 | Bought a scroll of blinking for 127 gold pieces
 28318 | Shoals:2 | Bought a scroll of blinking for 127 gold pieces
 28318 | Shoals:2 | Bought a scroll of blinking for 127 gold pieces
 28318 | Shoals:2 | Bought a scroll of enchant armour for 127 gold pieces
 28319 | Shoals:2 | Bought a scroll of butterflies for 68 gold pieces
 28614 | Shoals:3 | Offered knowledge of Maxwell's Capacitive Coupling by
                  | Vehumet.
 28629 | Shoals:3 | Noticed Polyphemus
 28651 | Shoals:3 | Killed Polyphemus
 28904 | Shoals:3 | Gained mutation: You have a pair of horns on your head.
                  | [demonic ancestry]
 28904 | Shoals:3 | Reached XP level 17. HP: 128/128 MP: 28/34
 29367 | Shoals:3 | Reached skill level 5 in Shields
 29561 | Shoals:4 | Entered Level 4 of the Shoals
 29845 | Shoals:4 | Identified the +0 great mace of the Many Artisans {vorpal,
                  | Will+ Str+3}
 30439 | Shoals:4 | Identified the ring "Basuin" {Ice rN+ Str+2}
 30525 | Shoals:4 | Offered knowledge of Chain Lightning by Vehumet.
 30525 | Shoals:4 | Offered knowledge of Polar Vortex by Vehumet.
 30525 | Shoals:4 | Offered knowledge of Ignition by Vehumet.
 30544 | Shoals:4 | Got a barnacled rune of Zot
 30851 | Shoals:4 | Learned a level 9 spell: Polar Vortex
 30989 | Spider:1 | Entered Level 1 of the Spider Nest
 31993 | Spider:2 | You are sucked into a shaft and drop 1 floor!
 32009 | Spider:3 | Paralysed by a jorogumo for 1 turns
 32519 | Spider:2 | Got Rayblel's Catalogue of Coarse Embers
 33004 | Vaults:1 | Entered Level 1 of the Vaults
 33012 | Vaults:1 | Reached XP level 18. HP: 136/136 MP: 32/36
 33260 | Vaults:1 | Identified the +1 troll leather armour of a treasure trove
                  | {rElec rC+ Regen+ SInv}
 33436 | Vaults:1 | Reached skill level 15 in Spellcasting
 34046 | Vaults:1 | Learned a level 8 spell: Lehudib's Crystal Spear
 35371 | Vaults:2 | Noticed Jory
 35843 | Spider:3 | Noticed Arachne
 35853 | Spider:3 | Killed Arachne
 36592 | Spider:4 | Entered Level 4 of the Spider Nest
 37033 | Spider:4 | Gained mutation: Your magical and physical power is
                  | slightly enhanced at high health. [demonic ancestry]
 37033 | Spider:4 | Reached XP level 19. HP: 35/138 MP: 3/38
 37759 | Spider:4 | Got a gossamer rune of Zot
 38806 | Vaults:2 | Found a staircase to the Crypt.
 40399 | Vaults:3 | You are sucked into a shaft and drop 1 floor!
 40804 | Vaults:4 | Reached skill level 10 in Shields
 40964 | Vaults:4 | Paralysed by a great orb of eyes for 5 turns
 41104 | Vaults:4 | Gained mutation: You have a pair of large horns on your
                  | head. [demonic ancestry]
 41104 | Vaults:4 | Reached XP level 20. HP: 128/155 MP: 5/40
 41409 | Vaults:4 | Found Racarat's Assorted Antiques.
 41418 | Vaults:4 | Bought a scroll of magic mapping for 322 gold pieces
 42489 | Elf:1    | Entered Level 1 of the Elven Halls
 42584 | Elf:1    | Identified the +5 spear of Purpose {venom, rElec rC+ Dex+4
                  | Stlth+}
 42740 | Elf:1    | Paralysed by an air elemental for 1 turns
 43203 | Elf:1    | Noticed Jorgrun
 43207 | Elf:1    | Killed Jorgrun
 43653 | Elf:1    | Noticed Kirke
 43658 | Elf:1    | Killed Kirke
 44274 | Elf:2    | Reached skill level 15 in Dodging
 45153 | Elf:2    | Reached skill level 15 in Conjurations
 45207 | Elf:2    | Found a runed translucent gate.
 45210 | Elf:2    | Found a runed translucent gate.
 45210 | Elf:2    | Found a runed translucent gate.
 45574 | Elf:3    | Entered Level 3 of the Elven Halls
 45828 | Elf:3    | Identified the +7 spear of Ilicogg {drain, Fragile rElec
                  | Str+5 Stlth+}
 45942 | Elf:3    | Noticed Donald
 45946 | Elf:3    | Killed Donald
 46278 | Elf:3    | Identified the +9 hand axe of Lust {holy, *Slow rCorr
                  | Int+7}
 46415 | Elf:3    | Identified the +1 dagger "Ultimatum" {pain, Will+ Dex+4}
 46425 | Elf:3    | Got the Octavo of the Pyre
 46434 | Elf:3    | Identified the +3 swamp dragon scales of Dogma {Rampage
                  | +Inv rPois}
 46436 | Elf:3    | Found the +3 Mad Mage's Maulers {Infuse+∞ RegenMP Int-3}
 46439 | Elf:3    | Identified the +0 pair of gloves of Pidghaff {Str+5 Int+4}
 46463 | Elf:3    | Identified the ring of the Jumping Pariah {rC+ Str+2}
 46466 | Elf:3    | Identified the +6 hand axe "Curryoh" {drain, rF+ rN+ Str+4}
 46560 | Elf:3    | Identified the +7 spear of Negeraf {antimagic, Dex+3}
 46866 | Elf:3    | Found Ameij's Jewellery Shoppe.
 46867 | Elf:3    | Found Pilif's Book Boutique.
 46868 | Elf:3    | Found Lekh's Jewellery Shoppe.
 47117 | Elf:2    | Gained mutation: Your magical and physical power is
                  | enhanced at high health. [demonic ancestry]
 47117 | Elf:2    | Reached XP level 21. HP: 167/167 MP: 42/42
 47149 | Elf:2    | Reached skill level 15 in Fighting
 47150 | Elf:2    | Reached skill level 1 in Earth Magic
 47717 | D:14     | Identified the +3 hat of Parlour Games {rF+ rN+}
 47721 | D:14     | Identified the ring of Contention {MP+9 Int+4 SInv}
 48386 | Vaults:2 | Found a staircase to the Crypt.
 48404 | Vaults:2 | Killed Jory
 48859 | Vaults:3 | Reached skill level 5 in Earth Magic
 49866 | Vaults:5 | Entered Level 5 of the Vaults
 50259 | Vaults:5 | Got a silver rune of Zot
 50265 | Vaults:5 | Identified the +11 glaive "Paskau" {freeze, +Blink rN+
                  | Int+4 Dex+4}
 50464 | Vaults:5 | Identified the +7 dagger of the Warrior {venom, Str+8 Int-5
                  | Stlth+}
 50490 | Vaults:5 | Reached skill level 10 in Earth Magic
 50492 | Vaults:5 | Identified the +7 glaive of the Jolly Deaths {speed, rPois
                  | rN+ Str+4}
 50507 | Vaults:5 | Identified the +8 long sword of Eqeha {venom, MP+9}
 50630 | Vaults:5 | Identified the +10 long sword "Borpheuwn" {protect,
                  | Will+++}
 50688 | Vaults:5 | Got the Commentary on Ice and the Barrage
 50844 | Vaults:5 | Gained mutation: You are completely covered in sharp
                  | spines. [demonic ancestry]
 50844 | Vaults:5 | Reached XP level 22. HP: 116/175 MP: 43/43
 50935 | Vaults:5 | Identified the +8 lajatang of the Disbelieving Gods {spect,
                  | rC+ Str+4 Int-3}
 51005 | Vaults:5 | Identified the +3 plate armour of Sawukiuk {rF- Int+6}
 51065 | Vaults:5 | Noticed a dread lich
 51066 | Vaults:5 | Paralysed by a dread lich for 3 turns
 51218 | Vaults:5 | Got the Folio of Ghoulish Rime
 51224 | Vaults:5 | Got the Vademecum on the Grim Pyre
 51293 | Vaults:5 | Found Jaruif's Antique Armour Shoppe.
 51303 | Vaults:5 | Identified the +7 shortbow of the Sugar Beet {venom, Will+
                  | Dex+2}
 51313 | Vaults:5 | Got Sif Muna's Parchment of the Nimbus and Beckoning
 51444 | Vaults:5 | Killed a dread lich
 51999 | Depths:1 | Entered Level 1 of the Depths
 52010 | Depths:1 | Found Irchoq's General Store.
 52010 | Depths:1 | Found Kiem's Armour Shop.
 52023 | Depths:1 | Gained mutation: Your body sometimes deteriorates upon
                  | taking damage. [mutagenic glow]
 52032 | Depths:1 | Found Sionoimo's Antique Weapon Boutique.
 52137 | Depths:1 | Found Gariug's Vocational Training.
 52180 | Depths:1 | Found Cyewuuli's Weapon Emporium.
 52238 | Depths:1 | Found a gateway to Hell.
 52263 | Depths:1 | Noticed Louise
 52276 | Abyss:2  | Cast into level 2 of the Abyss (Louise)
 52457 | Depths:1 | Escaped the Abyss
 52476 | Depths:1 | Killed Louise
 52506 | Depths:1 | Found a one-way gate to the infinite horrors of the Abyss.
 52527 | Depths:1 | Found Yrchuoles's Armour Boutique.
 52540 | Depths:1 | Found Wumnem's Weapon Boutique.
 52708 | Depths:1 | Found Zexzad's Weapon Boutique.
 53107 | Depths:2 | Found a one-way gate leading to the halls of Pandemonium.
 53353 | Depths:2 | Noticed a caustic shrike
 53361 | Depths:2 | Killed a caustic shrike
 53774 | Depths:2 | Paralysed by a vampire knight for 4 turns
 53973 | Depths:2 | Identified the +4 shortbow of Charity {vorpal, rElec Str+3
                  | Dex+3}
 54727 | Depths:3 | Reached XP level 23. HP: 181/181 MP: 46/46
 54749 | Depths:3 | Found a one-way gateway to a ziggurat.
 54805 | Depths:3 | Found a corrupted altar of Lugonu.
 54843 | Depths:3 | Found a magical portal.
 54853 | WizLab   | Entered Lehudib's Moon Base
 54940 | WizLab   | Found a transporter.
 55059 | WizLab   | Reached skill level 15 in Earth Magic
 55244 | WizLab   | Paralysed by accursed screaming for 1 turns
 55750 | WizLab   | Found a transporter.
 55939 | WizLab   | Identified the ring of Wuucvom {Str+2 Int+6}
 56006 | WizLab   | Got Lehudib's Guide on Quantum Stones
 56257 | Depths:3 | Lost mutation: Your body sometimes deteriorates upon taking
                  | damage. [potion of mutation]
 56257 | Depths:3 | Gained mutation: Potions are less effective at restoring
                  | your health. [potion of mutation]
 56257 | Depths:3 | Gained mutation: Your system is resistant to poisons.
                  | (rPois) [potion of mutation]
 56257 | Depths:3 | Gained mutation: You are frail. (-10% HP) [potion of
                  | mutation]
 56258 | Depths:3 | Lost mutation: Potions are less effective at restoring your
                  | health. [potion of mutation]
 56258 | Depths:3 | Lost mutation: Your system is resistant to poisons. (rPois)
                  | [potion of mutation]
 56258 | Depths:3 | Lost mutation: You are frail. (-10% HP) [potion of
                  | mutation]
 56258 | Depths:3 | Gained mutation: Potions are less effective at restoring
                  | your health. [potion of mutation]
 56258 | Depths:3 | Gained mutation: You are strong-willed. (Will+) [potion of
                  | mutation]
 56258 | Depths:3 | Gained mutation: Potions cannot restore your health.
                  | [potion of mutation]
 56379 | Depths:3 | Found the +5 glaive of the Guard {elec, spectral, AC+5}
 56381 | Depths:3 | Noticed a juggernaut
 56382 | Depths:3 | Noticed a juggernaut
 56383 | Depths:3 | Noticed a caustic shrike
 56552 | Depths:3 | Killed a juggernaut
 56572 | Depths:3 | Killed a caustic shrike
 56588 | Depths:3 | Killed a juggernaut
 57151 | Depths:4 | Entered Level 4 of the Depths
 57151 | Depths:4 | Noticed Mennas
 57272 | Depths:4 | Noticed Saint Roka
 57284 | Depths:4 | Killed Saint Roka
 57947 | Vaults:4 | Found Racarat's Assorted Antiques.
 58187 | Vaults:4 | Reached skill level 1 in Evocations
 58902 | Depths:4 | Noticed Frederick
 58906 | Depths:4 | Killed Mennas
 59020 | Depths:4 | Killed Frederick
 59216 | Depths:4 | Reached skill level 5 in Evocations
 59233 | Depths:4 | HP: 9/188 [green draconian monk (13)]
 59240 | Depths:4 | Found a gate to the Realm of Zot.
 59252 | Depths:4 | Killed from afar by a red draconian

Illustrated notes

Levels and vault maps discovered:
D:1:      dpeg_arrival_brainrot, layout_rooms,
          shapermc_ecumenical_altar_mp_urbaneastern, nicolae_hexahallways,
          supply_closet_lemuel, st_stairs_9
D:2:      layout_rooms, serial_shops, nicolae_diamond_shop, uniq_terence,
          uniq_jessica, uniq_crazy_yiuf_cottage
D:3:      layout_loops_ring, cheibrodos_sewer_entry_sluice,
          serial_co_window_serial, co_window_of_opportunity_a,
          co_window_cross_1, co_window_paths_a, co_window_paths_a,
          co_window_paths_b, co_window_broadway_c, co_window_broadway_a,
          co_window_cross_2, co_window_paths_c, co_window_paths_d,
          glass_columns_b, glass_columns_c, glass_columns_c, glass_columns_a,
          glass_columns_a, serial_shops, nicolae_shop_overgrown_old_shop
D:4:      layout_basic
D:5:      layout_loops_corners, kennysheep_diamond, minmay_small_thing,
          uniq_menkaure
D:6:      layout_cave_pods, minmay_temple_entry_tees, minmay_shop_damaged
D:7:      layout_cave_pods, nicolae_overflow_quartered_altars, enter_bailey_2,
          uniq_prince_ribbit1
D:8:      layout_loops_corners, corexii_checkpoint_a
D:9:      layout_loops_ring, tso_altar, grunt_lair_entry_orc_guard_hut,
          gammafunk_ghost_icy
D:10:     hangedman_cross_cluster, layout_loops_ring, minmay_quadrilaterals
D:11:     layout_irregular_city
D:12:     minmay_thick_lines, layout_layer_cave, david_orc_2,
          chequers_mini_garden
D:13:     layout_cave_pools, nicolae_gozag_seed_capital
D:14:     gammafunk_worm_tunnel, layout_irregular_city,
          ximxim_vaults_locker_room, grunt_decor_fettered
D:15:     grunt_enter_depths_hoard, layout_stronghold
Temple:   bh_familiar_temple
Lair:1:   layout_loops_ring, minmay_stone_trees_small
Lair:2:   layout_cave_pods
Lair:3:   layout_roguey, elwin_shoals_entry_stream, spider_nest_entry_web_field,
          gammafunk_ghost_necromancy, lemuel_old_faithful, serial_bayou_shore_b,
          grunt_megastairs_1, uniq_sonja
Lair:4:   gammafunk_mikee_crab_dinner, layout_big_grid, slime_entry_1
Lair:5:   hangedman_lair_in_review, layout_long_grid,
          hangedman_lair_caniforms_friends, nicolae_lair_time_for_slime
Shoals:1: layout_shoals, argonaut_gorgonesque
Shoals:2: layout_shoals, serial_shops, shop, nicolae_shop_gadgets, uniq_nikola
Shoals:3: layout_shoals, uniq_polyphemus
Shoals:4: shoals_end_hangedman, layout_shoals
Spider:1: layout_spider_delve, hangedman_spider_tarantella_strand
Spider:2: nicolae_spider_hilbert_zone_4 [nicolae_spider_hilbert_4_sides_2_open,
          nicolae_spider_hilbert_4_sides_1_open,
          nicolae_spider_hilbert_4_sides_1_open,
          nicolae_spider_hilbert_4_sides_1_open,
          nicolae_spider_hilbert_4_sides_1_open,
          nicolae_spider_hilbert_2_sides_1_open,
          nicolae_spider_hilbert_2_sides_1_open,
          nicolae_spider_hilbert_2_sides_1_open,
          nicolae_spider_hilbert_2_sides_1_open,
          nicolae_spider_hilbert_6_sides_1_open,
          nicolae_spider_hilbert_6_sides_1_open,
          nicolae_spider_hilbert_3_sides_1_open,
          nicolae_spider_hilbert_3_sides_1_open]
Spider:3: layout_spider_delve, hellmonk_spider_spawner, uniq_arachne
Spider:4: hellmonk_spider_rune_bug_friends
Orc:1:    layout_caves, nicolae_shop_firing_range, uniq_nergalle
Orc:2:    st_orc_elflike, layout_caves
Elf:1:    layout_onion_city, minmay_elf_demonology,
          amcnicky_mini_rare_corridor_liquid, corexii_leaking_fountain,
          feat_on_display, uniq_kirke, uniq_jorgrun
Elf:2:    nicolae_elf_blades_crystal_corner, layout_loops_cross,
          kennysheep_underground_church
Elf:3:    elf_hall, layout_geoelf_octagon, minmay_shop_grove, uniq_donald
Vaults:1: grunt_vaults_swirl, ontoclasm_vaults_hangar, vaults_room_glass_cross,
          v_pattern_4, vaults_room_boxed, v_misc_3, v_misc_10, v_alt_pattern_1,
          grunt_vaults_diagonal, v_misc_29, ontoclasm_vaults_decontamination,
          layout_vaults_ring
Vaults:2: nicolae_vaults_diagonal_hallway_6, vaults_mumra_lcd,
          hangedman_vaults_stream, minmay_crypt_entry_simple_corners, v_misc_14,
          vaults_mumra_hex, vaults_room_pool, vaults_dpeg_emergency_exit,
          v_misc_30, layout_vaults_omnigrid, uniq_jory
Vaults:3: ontoclasm_vaults_hangar, v_misc_8, vaults_room_octagon,
          st_smaller_cells, nicolae_vaults_what_the_h, vaults_dpeg_cross,
          nicolae_vaults_little_ls, v_pattern_3, v_misc_15,
          vaults_room_door_hall, hangedman_vaults_snaps, layout_vaults_big_cross
Vaults:4: hangedman_vaults_restitches, nicolae_vaults_yaktaur_gun_rack,
          v_alt_pattern_2, nicolae_vaults_little_squares_6,
          hangedman_vaults_maws, nicolae_vaults_little_squares_3, st_lines,
          vaults_room_grid, layout_vaults_big_room, serial_shops,
          nicolae_shop_overgrown_old_shop
Vaults:5: serial_shops
Depths:1: layout_long_grid, serial_shops, shop, nicolae_shop_behind_doors,
          nicolae_square_shop, shop, nicolae_shop_statue_plus, hell_entry,
          nicolae_abyss_entry_one_way_or_another, minmay_misc_feat_rows,
          minmay_misc_feat_columns, nicolae_shop_vocational, minmay_shoptagon
Depths:2: minmay_the_grid_octo_triangle [minmay_the_grid_octo_clover_2,
          minmay_the_grid_octo_prize_star, minmay_the_grid_octo_horde],
          layout_basic, abyss_entry_glasseish, rand_demon_pan_entry_5,
          grunt_hell_entry_dis_mu, minmay_misc_feat_iff
Depths:3: minmay_guarded_unrand_guard, layout_cave_pools, enter_ziggurat_f,
          abyss_entry_flame_altar, pan_entry, pf_coc_iceberg, serial_bayou,
          serial_bayou_pond_e, serial_bayou_pond_a, serial_bayou_lagoon_b,
          serial_bayou_lake_a, serial_bayou_crossing, mu_enter_wizlab_4,
          minmay_protected_statue
Depths:4: grunt_x_marks_the_spot, layout_honeycomb, hell_entry,
          hangedman_decor_opposing, rand_demon_pan_entry_9, uniq_frederick,
          uniq_saint_roka, uniq_josephina, uniq_mennas

Skill      XL: |  1  2  3  4  5  6  7  8  9 10 11 12 13 14 15 16 17 18 19 20 21 22 23 |
---------------+----------------------------------------------------------------------+-----
Stealth        | 2 3 4 5 |  5.0
Dodging        | 2 3 4 5 6 7 8 9 10 12 14 15 | 15.0
Fighting       | 1 2 3 5 6 7 8 10 11 12 14 15 17 | 17.4
Ice Magic      | 4 5 6 7 8 10 12 15 16 17 18 19 20 | 20.0
Spellcasting   | 3 4 5 6 7 8 9 10 12 13 14 15 16 17 19 20 | 20.0
Conjurations   | 2 4 6 7 9 10 12 13 14 15 | 15.0
Air Magic      | 3 5 |  5.0
Shields        | 4 7 8 10 | 10.0
Earth Magic    | 10 14 15 | 15.0
Evocations     | 5 |  5.5

Action                   |  1- 3 |  4- 6 |  7- 9 | 10-12 | 13-15 | 16-18 | 19-21 | 22-24 || total
-------------------------+-------+-------+-------+-------+-------+-------+-------+-------++-------
Melee: Short sword       |    11 |       |       |       |       |       |       |       ||    11
       Punch             |     1 |     1 |     6 |     2 |     5 |     7 |     6 |     7 ||    35
       Dagger            |    28 |   189 |   240 |   155 |       |       |       |       ||   612
       Headbutt          |       |       |    59 |    59 |   107 |    96 |    78 |    94 ||   493
       Flail             |       |       |       |    53 |   224 |       |       |       ||   277
       Staff             |       |       |       |       |   120 |   293 |   182 |       ||   595
       Long sword        |       |       |       |       |       |       |    16 |   191 ||   207
       Glaive            |       |       |       |       |       |       |       |    28 ||    28
 Cast: Freeze            |    30 |     1 |     6 |       |     6 |       |       |       ||    43
       Frozen Ramparts   |       |     6 |     9 |    26 |    16 |     4 |       |       ||    61
       Ozocubu's Armour  |       |       |    12 |    22 |     8 |     3 |     6 |    49 ||   100
       Hailstorm         |       |       |     4 |    76 |   124 |    15 |     7 |     2 ||   228
       Freezing Cloud    |       |       |       |    26 |    35 |     8 |     4 |     2 ||    75
       Airstrike         |       |       |       |     4 |    10 |     8 |   101 |     3 ||   126
       Mephitic Cloud    |       |       |       |     5 |     2 |       |       |       ||     7
       Ozocubu's Refrige |       |       |       |       |   169 |   456 |   387 |    71 ||  1083
       Polar Vortex      |       |       |       |       |       |       |    27 |   106 ||   133
       Lehudib's Crystal |       |       |       |       |       |       |       |    22 ||    22
 Abil: Evoke Blink       |       |       |       |       |       |       |       |     1 ||     1
Evoke: Wand              |       |       |     2 |       |     9 |    14 |    15 |     1 ||    41
       Phantom mirror    |       |       |       |       |       |       |       |     1 ||     1
  Use: Scroll            |       |    16 |     8 |     9 |     4 |    15 |    11 |    11 ||    74
       Potion            |       |     4 |     3 |     1 |     1 |     7 |     7 |     9 ||    32
 Stab: Sleeping          |     5 |    17 |     9 |     8 |    17 |    13 |    14 |     3 ||    86
       Invisible         |       |       |     1 |       |       |       |       |       ||     1
       Confused          |       |       |       |     2 |       |       |       |       ||     2
       Distracted        |       |       |       |       |     1 |     3 |     1 |     2 ||     7
       Held in net/web   |       |       |       |       |       |     1 |       |       ||     1
Armor: Leather armour    |    10 |    88 |    36 |       |       |       |     7 |       ||   141
       Robe              |     1 |       |       |       |       |       |       |       ||     1
       Troll leather arm |       |       |       |    58 |   148 |   159 |    43 |    63 ||   471
Dodge: Dodged            |    38 |   214 |   219 |   321 |   824 |   657 |   411 |   452 ||  3136
       Repelled          |       |       |       |       |       |       |    16 |    10 ||    26
Block: Buckler           |       |       |       |       |       |   131 |       |       ||   131
       Reflection        |       |       |       |       |       |     7 |       |       ||     7
